AoeStats
← Hey It Bebn

Michi

513859203Analyzed
1v1 RM · 5d ago on Oct 15, 2026· 44m 34s· 2 players
Game mode
Random Map
Map size
Tiny (2 player)
Population
200
Speed
Normal
Resources
Standard
Victory
Conquest
Starting age
Dark Age
Ending age
Imperial Age
RankedLock teamsTeams togetherTeam positionsShared explorationLock speedFull tech treeHidden civsTurbo modeCheats
Victory
Defeat
🇷🇴 Danes · Romania
1071
+15
vs
🇺🇸 Britons · United States
1050
-15
Hey It Bebn
8:07 Feudal Age
6:22 Loom
13:13 Castle Age
14:48 Gold Mining
14:48 Stone Mining
14:42 Horse Collar
14:49 Double-Bit Axe
16:22 Bow Saw
25:14 Imperial Age
23:29 Heavy Plow
23:52 Fletching
24:02 Padded Archer Armor
25:05 Wheelbarrow
24:15 Town Watch
25:38 Ballistics
27:02 Chemistry
26:34 Hand Cart
27:39 Yeomen
29:01 Town Patrol
28:47 Cranequins
30:21 Bodkin Arrow
30:41 Leather Archer Armor
31:52 Conscription
32:02 Bracer
32:33 Ring Archer Armor
31:58 Elite Longbowman
34:04 Two-Man Saw
34:13 Onager
38:09 Light Cavalry
39:00 Scale Barding Armor
39:06 Forging
39:18 Husbandry
43:55 Gambesons
43:30 Man-at-Arms
44:15 Scale Mail Armor
44:41 Squires
benidobre
7:16 Feudal Age
11:16 Castle Age
9:27 Double-Bit Axe
12:29 Wheelbarrow
16:35 Bow Saw
18:23 Horse Collar
19:33 Heavy Plow
19:56 Hand Cart
24:43 Gold Mining
26:04 Gold Shaft Mining
28:26 Imperial Age
26:33 Caravan
27:09 Loom
27:11 Town Watch
27:33 Stone Mining
28:11 Scale Mail Armor
28:17 Hamask
29:14 Siege Engineers
28:32 Onager
30:08 Conscription
31:01 Chain Mail Armor
30:10 Northmen's Fury
30:16 Siege Onager
32:47 Chemistry
32:27 Hoardings
32:48 Plate Mail Armor
34:20 Elite Jomsviking
35:16 Capped Ram
36:12 Siege Ram
40:53 Forging
42:14 Murder Holes
42:30 Masonry
45:32 Iron Casting
45:28 Ballistics
45:01 Fletching
Connection lost

Rejoining the realm…

Still unreachable

The connection could not be restored.

Session expired

The server has moved on; the page needs a fresh start.